AoeStats
← CENITRO

Golden Pit

509139368Analyzed
1v1 RM · 5d ago on Sep 25, 2026· 40m 53s· 2 players
Game mode
Random Map
Map size
Tiny (2 player)
Population
200
Speed
Normal
Resources
Standard
Victory
Conquest
Starting age
Dark Age
Ending age
Imperial Age
RankedLock teamsTeams togetherTeam positionsShared explorationLock speedFull tech treeHidden civsTurbo modeCheats
Victory
Defeat
🇪🇸 Saracens · Spain
764
+15
🇵🇪 Gurjaras · Peru
751
-15
CENITRO
16:25 Feudal Age
18:11 Man-at-Arms
32:01 Gold Mining
40:27 Castle Age
40:23 Loom
sinanha8
2:15 Loom
9:10 Feudal Age
9:36 Double-Bit Axe
11:16 Horse Collar
17:43 Castle Age
23:41 Husbandry
26:41 Heavy Plow
26:54 Bow Saw
28:57 Padded Archer Armor
32:36 Wheelbarrow
36:23 Imperial Age
33:52 Stone Mining
35:40 Bloodlines
Connection lost

Rejoining the realm…

Still unreachable

The connection could not be restored.

Session expired

The server has moved on; the page needs a fresh start.